 Dungeon Crawl Stone Soup version 0.29-a0-1052-g6990b1bffc (webtiles) character file.

Game seed: 8684448905892550396

102555 quixfox the Devastator (level 15, -2/104 (109) HPs)
             Began as a Demonspawn Conjurer on Aug 16, 2022.
             Was a High Priest of Vehumet.
             Slain by a pharaoh ant (28 damage)
             ... on level 3 of the Lair of Beasts on Aug 17, 2022.
             The game lasted 02:33:21 (36814 turns).

quixfox the Devastator (Demonspawn Conjurer)       Turns: 36814, Time: 02:33:22

HP:   -2/104 (109)  AC: 11    Str:  9    XL:     15   Next: 86%
MP:   28/28         EV: 18    Int: 25    God:    Vehumet [*****.]
Gold: 34            SH:  0    Dex: 12    Spells: 4/33 levels left

rFire   . . .      SeeInvis .   A - staff of conjuration
rCold   . . .      Faith    .   (no shield)
rNeg    . . .      Spirit   .   G - +2 robe {Archmagi}
rPois   +          Reflect  .   c - +2 helmet
rElec   .          Harm     .   r - +1 cloak
rCorr   .          Rampage  .   a - +1 pair of gloves
Will    +....      Archmagi +   (no boots)
Stlth   ++........              (no amulet)
HPRegen 0.27/turn               w - ring of wizardry
MPRegen 0.21/turn               H - ring of poison resistance

@: mighty, lightly drained
A: repulsion field 2, powered by pain 2, spiny 2
a: Renounce Religion


You were on level 3 of the Lair of Beasts.
You worshipped Vehumet.
Vehumet was extremely pleased with you.
You visited 5 branches of the dungeon, and saw 24 of its levels.

You collected 2323 gold pieces.
You spent 2289 gold pieces at shops.

Inventory:

Missiles
 L - 4 silver javelins
Armour
 a - a +1 pair of gloves (worn)
 b - a +2 kite shield
 c - a +2 helmet (worn)
 r - a +1 cloak (worn)
 B - a +2 robe of resistance
 G - a +2 robe of the Archmagi (worn)
 P - a +0 buckler of protection
Magical Staves
 A - a staff of conjuration (weapon)
Jewellery
 f - a ring of protection from cold
 v - a ring of positive energy
 w - a ring of wizardry (left hand)
 D - a ring of ice
 H - a ring of poison resistance (right hand)
 N - a ring of resist corrosion
Wands
 d - a wand of iceblast (8)
 n - a wand of polymorph (34)
 y - a wand of digging (2)
 z - a wand of acid (2)
 F - a wand of flame (14)
 J - a wand of paralysis (4)
Scrolls
 j - 5 scrolls of blinking
 l - 3 scrolls of enchant weapon
 m - 6 scrolls of teleportation
 o - 2 scrolls of fear
 p - 4 scrolls of immolation
 s - 2 scrolls of silence
 u - 5 scrolls of butterflies
 x - 3 scrolls of magic mapping
 C - 6 scrolls of identify
 K - 3 scrolls of summoning
 M - a scroll of enchant armour
Potions
 e - 5 potions of heal wounds
 g - 3 potions of brilliance
 h - 6 potions of curing
 i - 2 potions of resistance
 k - 3 potions of lignification
 q - 3 potions of mutation
 t - 2 potions of magic
 E - 2 potions of flight
 I - 2 potions of invisibility
 O - a potion of berserk rage
 Q - a potion of ambrosia


   Skills:
 - Level 7.6 Fighting
 - Level 2.4 Staves
 - Level 9.3 Dodging
 - Level 1.7 Stealth
 + Level 1.9 Shields
 - Level 9.9 Spellcasting
 + Level 15.0 Conjurations
 - Level 2.0 Translocations
 * Level 12.5 Fire Magic
 - Level 11.8 Earth Magic
 - Level 4.0 Evocations


You had 4 spell levels left.
You knew the following spells:

 Your Spells              Type           Power      Damage    Failure   Level
a - Magic Dart            Conj           100%       1d8       0%          1
b - Sandblast             Erth           100%       2d20      1%          1
c - Lee's Rapid Deconstr  Erth           41%        3d21*     1%          5
d - Iskenderun's Mystic   Conj/Tloc      89%        2d17      1%          4
e - Stone Arrow           Conj/Erth      100%       3d13      1%          3
g - Iron Shot             Conj/Erth      54%        9d10      1%          6
h - Fire Storm            Conj/Fire      55%        8d14      78%         9

Your spell library contained the following spells:

 Spells                   Type           Power      Damage    Failure   Level
 Eringya's Noxious Bog    Tmut/Pois      9%         N/A       54%         6
 Foxfire                  Conj/Fire      100%       2x1d9     0%          1
 Searing Ray              Conj           100%       2d8       0%          2
 Beastly Appendage        Tmut           36%        N/A       1%          1
 Shock                    Conj/Air       100%       1d9       1%          1
 Blink                    Tloc           66%        N/A       1%          2
 Passwall                 Tmut/Erth      48%        N/A       1%          2
 Scorch                   Fire           100%       2d10      1%          2
 Conjure Flame            Conj/Fire      100%       6-21      1%          3
 Dazzling Flash           Conj/Hex       100%       N/A       1%          3
 Ignite Poison            Fire/Tmut/Pois 50%        N/A       1%          3
 Inner Flame              Hex/Fire       60%        N/A       1%          3
 Animate Armour           Summ/Erth      100%       N/A       1%          4
 Flame Wave               Conj/Fire      100%       2d21      1%          4
 Fulminant Prism          Conj/Hex       42%        3d20      1%          4
 Petrify                  Tmut/Erth      58%        N/A       1%          4
 Sticky Flame             Conj/Fire      100%       2d11      1%          4
 Gell's Gravitas          Tloc           33%        N/A       2%          3
 Lesser Beckoning         Tloc           33%        N/A       2%          3
 Teleport Other           Tloc           33%        N/A       2%          3
 Sublimation of Blood     Necr           18%        N/A       3%          2
 Wereblood                Tmut           18%        N/A       3%          2
 Spider Form              Tmut/Pois      18%        N/A       6%          3
 Swiftness                Air            18%        N/A       6%          3
 Tukima's Dance           Hex            18%        N/A       6%          3
 Airstrike                Air            9%         2d(2-18)  6%          4
 Passage of Golubria      Tloc           33%        N/A       9%          4
 Cause Fear               Hex            9%         N/A       21%         4
 Corpse Rot               Necr/Pois/Air  18%        N/A       21%         4
 Dispel Undead            Necr           18%        3d11      21%         4
 Summon Lightning Spire   Summ/Air       18%        N/A       21%         4
 Irradiate                Conj/Tmut      42%        3d25      1%          5
 Iskenderun's Battlesphe  Conj           100%       2d15      1%          5
 Yara's Violent Unravell  Hex/Tmut       9%         3d6       14%         5
 Lehudib's Crystal Spear  Conj/Erth      54%        10d13     14%         8
 Spellforged Servitor     Conj/Summ      42%        N/A       21%         7
 Manifold Assault         Tloc           33%        N/A       24%         5
 Dispersal                Tloc           16%        N/A       75%         6
 Death Channel            Necr           9%         N/A       95%         6
 Storm Form               Tmut/Air       9%         N/A       100%        7
 Summon Hydra             Summ           9%         N/A       100%        7
 Discord                  Hex            9%         N/A       100%        8
 Disjunction              Tloc           16%        N/A       100%        8
 Maxwell's Capacitive Co  Air            9%         ∞         100%        8


Dungeon Overview and Level Annotations

Branches:
Dungeon (15/15)            Temple (1/1) D:6            Lair (5/5) D:8
 Shoals (0/4) Lair:3       Spider (1/4) Lair:3        Slime (0/5) Lair:4
    Orc (2/2) D:12            Elf (0/3) Orc:2        Vaults (0/5) D:13
 Depths (0/4) D:15

Altars:
Ashenzari
Cheibriados
Dithmenos
Fedhas
Gozag
Hepliaklqana
Nemelex Xobeh
Qazlal
Trog
Uskayaw
Vehumet
Xom
Jiyva

Shops:
D:4 *   D:12 :   D:13 ?   D:15 [   Orc:2 :!*

Annotations:
D:4 1 runed translucent door, Crazy Yiuf
Lair:4 1 runed translucent door


Innate Abilities, Weirdness & Mutations

You are surrounded by a moderate repulsion field. (EV +3)
You sometimes gain power by taking damage.
You are mostly covered in sharp spines.


Message History

The tarantella touches you.
A wolf spider comes into view.
The redback bites you.
A culicivora comes into view.
The pharaoh ant barely misses you.
The moth of wrath is struck by your spines.
The moth of wrath completely misses you.
The tarantella touches you. The redback misses you.
The jumping spider leaps!
A tarantella comes into view.
The pharaoh ant bites you!!
You feel drained.
You focus on the pain.
You feel very mighty all of a sudden.
The moth of wrath is struck by your spines.
The moth of wrath closely misses you.
The wolf spider moves out of view.
The culicivora moves out of view.
You hear a skittering sound.
The tarantella's many legs skitter faintly.
There is a crawl-hole back to the Lair, spattered with blood here.
The tarantella touches you.
You are confused.
The redback barely misses you.
The wolf spider is struck by your spines.
The wolf spider completely misses you. The wolf spider bites you!
The pharaoh ant is struck by your spines.
The pharaoh ant completely misses you.
The moth of wrath goads the tarantella on!
The tarantella goes berserk!
The tarantella is struck by your spines.
The tarantella closely misses you. The redback bites you!
* * * LOW HITPOINT WARNING * * *
The jumping spider leaps!
You climb upwards.
Welcome back to the Lair of Beasts!
There is a hole to the Spider Nest, spattered with blood here.
You're too confused to cast spells.
Unknown command.
You feel better. The wolf spider closely misses you. The wolf spider bites you!
* * * LOW HITPOINT WARNING * * *
The tarantella is struck by your spines.
The tarantella touches you but does no damage.
The pharaoh ant bites you!!
You die...

.###.# #....###..# #..... ###..##
#.........###..... # #...# ###
##..........##.P... # ##.####.#
#...###.....##...#.
####.###.#######..###.....##...#.
.##.............####..#..###.....
................##...#...##....#.
#.........†....##s.^....#.#....#.
##....##.####.##@s.....#.........
#.....### #####B....#.#.#......
##....## #sy.##...#####P..
......# ########..#### ##P.
##....# #..####.....=# ##.
##P..## #######..#.#.....## #.
#....###.##.#....##.....## ##.
###..................#.....# #..
...................)###.#### ##.


You could see a wolf spider, a moth of wrath, a pharaoh ant, a tarantella
(berserk) and a redback.

Vanquished Creatures
  Jorgrun (D:13)
  Rupert (D:14)
  Gastronok (Lair:3)
  A fire dragon (Lair:5)
  Josephine (D:13)
  2 ice dragons (D:15)
  7 boulder beetles
  6 hydras
  2 ogre magi (Orc:2)
  10 two-headed ogres
  2 catoblepae
  Erica (Lair:2)
  7 centaur warriors
  5 death yaks
  An orc high priest (Orc:2)
  Urug (D:10)
  A fire crab (Lair:4)
  A pharaoh ant (Spider:1)
  2 deep trolls (Orc:2)
  2 lindwurms (Lair:5)
  3 deep elf pyromancers
  A wolf spider (Lair:3)
  5 cyclopes
  2 orc sorcerers
  15 ugly things
  2 manticores (D:15)
  8 black mambas
  15 elephants
  A guardian serpent (shapeshifter) (D:15)
  2 molten gargoyles (Lair:5)
  2 torpor snails
  20 cane toads
  An unseen horror (shapeshifter) (D:11)
  Psyche (D:8)
  4 gargoyles
  3 rime drakes
  10 komodo dragons
  2 demonic crawlers (Lair:3)
  4 yaktaurs (D:15)
  11 trolls
  4 merfolk (Lair:3)
  5 polar bears
  2 tarantellas
  8 dream sheep
  8 slime creatures
  2 hornets (D:8)
  Grinder (D:6)
  8 blink frogs
  5 culicivoras
  Sigmund (D:7)
  A jumping spider (Lair:3)
  A centaur simulacrum (D:15)
  A vampire (D:11)
  A yak (shapeshifter) (D:14)
  8 wyverns
  7 wraiths
  47 yaks
  4 humans (D:9)
  3 basilisks
  11 redbacks
  5 steam dragons
  10 vampire mosquitoes
  A basilisk (shapeshifter) (D:15)
  4 wargs
  Edmund (D:7)
  An acid dragon (D:13)
  14 water moccasins
  5 hell hounds (Lair:5)
  16 orc warriors
  2 ice beasts
  3 sky beasts
  3 black bears
  24 ogres
  16 centaurs
  3 phantoms
  A kobold brigand (D:8)
  16 bullfrogs
  3 scorpions (D:5)
  Blork the orc (D:4)
  A necrophage (D:5)
  A gnoll sergeant (Orc:1)
  9 wights
  A killer bee (D:5)
  A howler monkey (D:6)
  2 electric eels (D:10)
  2 lava snakes (Lair:5)
  9 hounds
  2 jellies
  A gnoll bouda (D:4)
  11 orc priests
  Jessica (D:2)
  19 orc wizards
  Natasha (twice) (D:2)
  7 iguanas
  10 gnolls
  7 adders
  A shadow imp (D:6)
  2 white imps
  2 ufetubi
  3 worms
  5 dart slugs
  89 orcs
  7 ball pythons
  3 bats (D:1)
  8 endoplasms
  4 giant cockroaches
  10 goblins
  10 hobgoblins
  2 quokkas
  2 frilled lizards
  11 kobolds
  A rat (D:3)
670 creatures vanquished.

Vanquished Creatures (others)
  A wizard (D:6)
  50 fungi
  42 plants
93 creatures vanquished.

Grand Total: 763 creatures vanquished

Notes
Turn   | Place    | Note
-------+----------+-------------------------------------------
     0 | D:1      | quixfox the Demonspawn Conjurer began the quest for the
                  | Orb.
     0 | D:1      | Reached XP level 1. HP: 13/13 MP: 3/3
   105 | D:1      | Learned a level 1 spell: Sandblast
   293 | D:1      | Gained mutation: You sometimes gain a little power by
                  | taking damage. [demonic ancestry]
   293 | D:1      | Reached XP level 2. HP: 19/19 MP: 3/5
   402 | D:1      | Learned a level 2 spell: Searing Ray
   466 | D:1      | Reached skill level 1 in Earth Magic
   844 | D:1      | Gained mutation: You are partially covered in sharp spines.
                  | [demonic ancestry]
   844 | D:1      | Reached XP level 3. HP: 24/24 MP: 2/6
  1215 | D:2      | Noticed Jessica
  1221 | D:2      | Killed Jessica
  1457 | D:2      | Reached XP level 4. HP: 29/30 MP: 1/8
  1723 | D:2      | Noticed Natasha
  1731 | D:2      | Killed Natasha
  1966 | D:2      | Noticed Natasha
  1981 | D:2      | Killed Natasha
  1982 | D:2      | Reached XP level 5. HP: 27/35 MP: 1/9
  2070 | D:2      | Found the +11 plutonium sword {Contam Stlth-}
  3375 | D:4      | Noticed Blork the orc
  3389 | D:4      | Killed Blork the orc
  3390 | D:4      | Reached skill level 5 in Conjurations
  3563 | D:4      | Reached XP level 6. HP: 41/41 MP: 6/11
  4012 | D:4      | Gained mutation: You are surrounded by a mild repulsion
                  | field. (EV +2) [demonic ancestry]
  4012 | D:4      | Reached XP level 7. HP: 46/46 MP: 2/13
  4310 | D:4      | Reached skill level 5 in Earth Magic
  4389 | D:4      | Reached skill level 6 in Conjurations
  4513 | D:4      | Found a runed translucent door.
  4514 | D:4      | Noticed Crazy Yiuf
  4831 | D:4      | Found Gozag's Platinum Reserve.
  4831 | D:4      | Found an opulent altar of Gozag.
  4856 | D:4      | Learned a level 4 spell: Iskenderun's Mystic Blast
  5275 | D:4      | Reached skill level 1 in Fighting
  5275 | D:4      | Gained mutation: You are surrounded by a moderate repulsion
                  | field. (EV +3) [demonic ancestry]
  5275 | D:4      | Reached XP level 8. HP: 49/54 MP: 5/14
  5616 | D:5      | Entered Level 5 of the Dungeon
  5704 | D:5      | Reached skill level 1 in Translocations
  5861 | D:5      | Found a stormy altar of Qazlal.
  6077 | D:5      | Reached skill level 5 in Spellcasting
  6238 | D:5      | Learned a level 3 spell: Stone Arrow
  6787 | D:5      | Reached skill level 7 in Conjurations
  6874 | D:6      | Reached XP level 9. HP: 64/64 MP: 13/17
  7024 | D:6      | Noticed Grinder
  7034 | D:6      | Killed Grinder
  7035 | D:6      | Reached skill level 1 in Staves
  7843 | D:6      | Found a bloodstained altar of Trog.
  7929 | D:6      | Noticed a wizard
  7932 | D:6      | Killed a wizard
  8145 | D:6      | Found a staircase to the Ecumenical Temple.
  8152 | Temple   | Entered the Ecumenical Temple
  8164 | Temple   | Became a worshipper of Vehumet
  8278 | D:6      | Found a snail-covered altar of Cheibriados.
  9330 | D:7      | Reached skill level 5 in Fighting
  9330 | D:7      | Reached skill level 8 in Conjurations
  9339 | D:7      | Noticed Edmund
  9349 | D:7      | Killed Edmund
  9350 | D:7      | Reached XP level 10. HP: 48/74 MP: 15/19
  9471 | D:7      | Noticed Sigmund
  9477 | D:7      | Killed Sigmund
 10744 | D:8      | Reached * piety under Vehumet
 10744 | D:8      | Offered knowledge of Freeze by Vehumet.
 10937 | D:8      | Noticed Psyche
 10946 | D:8      | Killed Psyche
 11015 | D:8      | Found a staircase to the Lair.
 11685 | D:9      | Reached skill level 9 in Conjurations
 12259 | D:9      | Reached XP level 11. HP: 83/83 MP: 20/22
 12466 | D:10     | Entered Level 10 of the Dungeon
 12486 | D:10     | Offered knowledge of Static Discharge by Vehumet.
 12489 | D:10     | Reached ** piety under Vehumet
 12752 | D:10     | Noticed Urug
 13109 | Lair:1   | Entered Level 1 of the Lair of Beasts
 13225 | Lair:1   | Reached skill level 5 in Dodging
 13227 | Lair:1   | Noticed a catoblepas
 13230 | Lair:1   | Noticed an eight-headed hydra
 13389 | D:8      | Killed a catoblepas
 13393 | D:8      | Killed an eight-headed hydra
 13587 | Lair:1   | Reached skill level 1 in Evocations
 14034 | Lair:1   | Found a hide-covered altar of Uskayaw.
 14044 | Lair:1   | Reached skill level 10 in Conjurations
 14877 | Lair:2   | Reached XP level 12. HP: 85/91 MP: 9/24
 14975 | Lair:2   | Noticed Erica
 16259 | Lair:2   | Offered knowledge of Scorch by Vehumet.
 16272 | Lair:2   | Learned a level 2 spell: Scorch
 16362 | Lair:2   | Killed Erica
 16550 | Lair:2   | Reached skill level 1 in Fire Magic
 17697 | Lair:3   | Found a hole to the Spider Nest.
 17705 | Lair:3   | Reached *** piety under Vehumet
 17945 | Lair:3   | Reached skill level 10 in Earth Magic
 18286 | Lair:3   | Reached skill level 11 in Conjurations
 18707 | Lair:3   | Found a staircase to the Shoals.
 18740 | Lair:3   | Noticed an eight-headed hydra
 18745 | Lair:3   | Killed an eight-headed hydra
 19330 | Lair:3   | Noticed Gastronok
 19338 | Lair:3   | Killed Gastronok
 19339 | Lair:3   | Gained mutation: You are mostly covered in sharp spines.
                  | [demonic ancestry]
 19339 | Lair:3   | Reached XP level 13. HP: 97/97 MP: 26/26
 19452 | Lair:4   | Offered knowledge of Frozen Ramparts by Vehumet.
 19590 | Lair:4   | Found a runed translucent door.
 19590 | Lair:4   | Found a viscous altar of Jiyva.
 20283 | Lair:4   | Reached **** piety under Vehumet
 20311 | Lair:4   | Found a staircase to the Slime Pits.
 20393 | Lair:4   | Reached skill level 5 in Fire Magic
 20759 | Lair:4   | Offered knowledge of Hailstorm by Vehumet.
 21166 | Lair:5   | Entered Level 5 of the Lair of Beasts
 21500 | Lair:5   | Reached skill level 12 in Conjurations
 23178 | Lair:5   | Found a large runed translucent door.
 23179 | Lair:5   | Found a large runed translucent door.
 23263 | Lair:5   | Reached ***** piety under Vehumet
 23263 | Lair:5   | Offered knowledge of Iron Shot by Vehumet.
 23264 | Lair:5   | Gained mutation: You sometimes gain power by taking damage.
                  | [demonic ancestry]
 23264 | Lair:5   | Reached XP level 14. HP: 94/103 MP: 21/27
 23277 | Lair:5   | Learned a level 6 spell: Iron Shot
 24330 | D:10     | Killed Urug
 24461 | D:10     | Found a hazy altar of Hepliaklqana.
 24670 | D:10     | Found a blossoming altar of Fedhas.
 26861 | D:12     | Found Exou's Book Shoppe.
 26868 | D:12     | Bought Cerebov's Monograph on Incandescence for 672 gold
                  | pieces
 26878 | D:12     | Learned a level 9 spell: Fire Storm
 27246 | D:12     | Reached skill level 13 in Conjurations
 27286 | D:12     | Offered knowledge of Ozocubu's Refrigeration by Vehumet.
 27572 | D:12     | Found a staircase to the Orcish Mines.
 28161 | Orc:1    | Entered Level 1 of the Orcish Mines
 28197 | Orc:2    | Entered Level 2 of the Orcish Mines
 28222 | Orc:2    | Found a staircase to the Elven Halls.
 28923 | Orc:2    | Paralysed by an orc sorcerer for 5 turns
 29527 | Orc:2    | Offered knowledge of Eringya's Noxious Bog by Vehumet.
 29942 | Orc:2    | Reached XP level 15. HP: 109/109 MP: 14/28
 30056 | Orc:2    | Found Usasme's Weapon Shoppe.
 30057 | Orc:2    | Found Waygi's Book Shoppe.
 30062 | Orc:2    | Found Gucef's Assorted Antiques.
 30073 | Orc:2    | Found Carutz's Distillery.
 30098 | Orc:2    | Reached skill level 10 in Fire Magic
 30206 | Orc:2    | Bought an emerald potion for 34 gold pieces
 30212 | Orc:2    | Bought a potion of heal wounds for 65 gold pieces
 30212 | Orc:2    | Bought a potion of heal wounds for 65 gold pieces
 30212 | Orc:2    | Bought a potion of magic for 104 gold pieces
 30217 | Orc:2    | Bought a potion of magic for 304 gold pieces
 30217 | Orc:2    | Bought a potion of heal wounds for 190 gold pieces
 30217 | Orc:2    | Bought a potion of curing for 114 gold pieces
 30423 | D:13     | Noticed Jorgrun
 30424 | D:13     | Noticed Josephine
 30784 | D:13     | Found a gate to the Vaults.
 31306 | D:13     | Reached skill level 14 in Conjurations
 31479 | D:13     | Killed Jorgrun
 31825 | D:13     | Killed Josephine
 32302 | D:13     | Found Buli Ygi's Magic Scroll Shoppe.
 32312 | D:13     | Bought a scroll of enchant armour for 82 gold pieces
 32708 | D:14     | Found a shadowy altar of Dithmenos.
 33494 | D:15     | Entered Level 15 of the Dungeon
 33516 | D:15     | Noticed Rupert
 33533 | D:14     | Killed Rupert
 33894 | D:14     | Upgraded the game from 0.29-a0-1047-g7c58e119a4 to
                  | 0.29-a0-1052-g6990b1bffc
 34918 | D:15     | Found a staircase to the Depths.
 34973 | D:15     | Found Ibuod's Armour Boutique.
 34979 | D:15     | Bought a +0 buckler of protection for 115 gold pieces
 35474 | D:15     | Reached skill level 1 in Shields
 35885 | Orc:2    | Bought a book of Blasting for 544 gold pieces
 35891 | Orc:2    | Learned a level 5 spell: Lee's Rapid Deconstruction
 36203 | Spider:1 | Entered Level 1 of the Spider Nest
 36591 | Lair:3   | Reached skill level 15 in Conjurations
 36814 | Lair:3   | Slain by a pharaoh ant

Illustrated notes

Levels and vault maps discovered:
D:1:      minmay_arrival_doors, layout_rooms, minmay_misc_feat_room,
          dk_noncrumbling_2
D:2:      layout_loops_cross, uniq_natasha, uniq_jessica
D:3:      layout_basic, elyvilon_altar_1
D:4:      minmay_bubble_buster, layout_basic, nicolae_gozag_zags_fifth_avenue,
          uniq_crazy_yiuf_cottage, uniq_blork_the_orc
D:5:      cheibrodos_barr_body, layout_loops_ring, grunt_qazlal_clouds
D:6:      kennysheep_steamy, layout_loops_corners, trog_wizard,
          old_standard_altar, minmay_temple_entry_nine_rooms, uniq_grinder
D:7:      layout_basic, chequers_mini_garden, sigmund_edmund_badplayer
D:8:      layout_basic, erik_lair_orcish_takeover, uniq_psyche
D:9:      layout_irregular_city, minmay_ruffians
D:10:     layout_layer_cave, mainiacjoe_overflow_boulevard,
          fedhas_bush_and_centaur_altar, tso_metal_star, minivault_14, uniq_urug
D:11:     layout_roguey
D:12:     layout_rooms, hiddenorc2_lemuel, serial_shops, shop, abandoned_shop
D:13:     layout_cross, serial_shops, shop, uniq_jorgrun, uniq_josephine
D:14:     layout_irregular_city, hangedman_glass_teeth, grunt_ministairs_7,
          nicolae_dithmenos_through_a_glass_darkly
D:15:     grunt_enter_depths_hoard, layout_loops_ring, serial_shops, shop,
          uniq_rupert
Temple:   nicolae_temple_superstar
Lair:1:   layout_loops_ring, basic_altar, grunt_megastairs_5
Lair:2:   layout_cave_pods, beast_lair_carwin_2, uniq_erica
Lair:3:   layout_chaotic_city, elwin_shoals_entry_stream,
          hellmonk_spider_entry_life_and_decay, chequers_serial_rivers_marsh,
          chequers_serial_rivers_micro_b, uniq_gastronok
Lair:4:   layout_regular_city, slime_entry_2, beast_lair_carwin_6
Lair:5:   cheibrodos_lair_end_hotspot, layout_hall_layers
Spider:1: layout_spider_delve, drop_trap, uniq_donald
Orc:1:    layout_caves
Orc:2:    st_orc_open, layout_caves

Skill      XL: |  1  2  3  4  5  6  7  8  9 10 11 12 13 14 15 |
---------------+----------------------------------------------+-----
Earth Magic    | 1 2 3 4 5 6 7 8 9 10 11 | 11.8
Spellcasting   | 3 4 5 6 7 8 9 |  9.9
Conjurations   | 5 6 7 8 9 10 11 12 13 15 | 15.0
Fighting       | 1 3 5 6 7 |  7.6
Translocations | 2 |  2.0
Staves         | 2 |  2.4
Dodging        | 2 4 6 7 9 |  9.3
Evocations     | 2 4 |  4.0
Fire Magic     | 4 6 9 12 | 12.5
Shields        | 1 |  1.9
Stealth        | |  1.7

Action                   |  1- 3 |  4- 6 |  7- 9 | 10-12 | 13-15 || total
-------------------------+-------+-------+-------+-------+-------++-------
Melee: Long sword        |     1 |     1 |       |       |       ||     2
       Staff             |       |       |     3 |     8 |    65 ||    76
       Punch             |       |       |       |     1 |       ||     1
 Cast: Magic Dart        |    51 |    71 |    25 |    36 |     3 ||   186
       Sandblast         |     7 |     2 |   127 |   305 |   225 ||   666
       Searing Ray       |       |    17 |    13 |     7 |     3 ||    40
       Stone Arrow       |       |       |    19 |    10 |       ||    29
       Iskenderun's Myst |       |       |     3 |    59 |   164 ||   226
       Scorch            |       |       |       |    11 |     2 ||    13
       Iron Shot         |       |       |       |       |   214 ||   214
Evoke: Wand              |       |       |       |     4 |     1 ||     5
  Use: Scroll            |       |       |    15 |    10 |    10 ||    35
       Potion            |       |       |     4 |     5 |     8 ||    17
Armor: Robe              |     3 |     2 |    24 |    69 |    52 ||   150
Dodge: Dodged            |     5 |     4 |    57 |   185 |   265 ||   516

Table legend: (Time is in decaauts)
 A = Elapsed time spent in this place.
 B = Non-inter-level travel time spent in this place.
 C = Inter-level travel time spent in this place.
 D = Time resting spent in this place.
 E = Time spent auto-exploring this place.
 F = Levels seen in this place.
 G = Mean time per level.
                   A        B        C        D        E       F      G
               +--------+--------+--------+--------+--------+-----+--------+
         Total |  37206 |  36044 |   1162 |  13717 |  13348 |  24 | 1550.2 |
       Dungeon |  23059 |  22355 |    704 |   7516 |  10153 |  15 | 1537.3 |
        Temple |     24 |     24 |      0 |      0 |      2 |   1 |   24.0 |
          Lair |  11738 |  11443 |    295 |   4980 |   2899 |   5 | 2347.6 |
   Spider Nest |     22 |     22 |      0 |      0 |      0 |   1 |   22.0 |
  Orcish Mines |   2360 |   2198 |    162 |   1221 |    293 |   2 | 1180.0 |
               +--------+--------+--------+--------+--------+-----+--------+

Top non-repeatable levels by time:
    D:12: 2668 daAuts
  Lair:3: 2589 daAuts
  Lair:5: 2497 daAuts
  Lair:4: 2432 daAuts
  Lair:1: 2203 daAuts
     D:4: 2185 daAuts
     D:8: 2034 daAuts
  Lair:2: 2015 daAuts
     D:6: 1683 daAuts
    D:10: 1671 daAuts
    D:14: 1631 daAuts
    D:15: 1570 daAuts
     D:7: 1469 daAuts
   Orc:2: 1386 daAuts
     D:5: 1266 daAuts
